 Dungeon Crawl Stone Soup version 0.30-a0-757-ga6a79fd877 (webtiles) character file.

Game seed: 7156807938462611262

190 mandoloar the Shooter (level 6, -2/37 HPs)
             Began as a Kobold Hunter on Feb 10, 2023.
             Slain by Duvessa
             ... wielding a +0 rapier
              (6 damage)
             ... on level 4 of the Dungeon.
             The game lasted 00:09:17 (5578 turns).

mandoloar the Shooter (Kobold Hunter)               Turns: 5578, Time: 00:09:17

Health: -2/37      AC:  5    Str:  8    XL:     6   Next: 1%
Magic:  6/6        EV: 16    Int: 11    God:
Gold:   155        SH:  0    Dex: 23    Spells: 5/5 levels left

rFire   + . .      SeeInvis .    a - +0 shortbow
rCold   + . .      Faith    .    (shield currently unavailable)
rNeg    . . .      Spirit   .    c - +0 leather armour
rPois   .          Reflect  .    (no helmet)
rElec   .          Harm     .    g - scarf {rC+ rF+}
rCorr   .          Rampage  .    (no gloves)
Will    .....                    s - +1 pair of boots of the Weaver {Dex+3}
Stlth   ++++                     (no amulet)
HPRegen 0.26/turn                (no ring)
MPRegen 0.10/turn                (no ring)

@: no status effects
A: small, no large weapons, nightstalker 3
a: no special abilities


You were on level 4 of the Dungeon.
You visited 1 branch of the dungeon, and saw 4 of its levels.

You collected 155 gold pieces.

Inventory:

Hand Weapons
 a - a +0 shortbow (weapon)
Missiles
 r - 2 throwing nets
Armour
 c - a +0 leather armour (worn)
 g - a scarf of resistance (worn)
 s - the +1 pair of boots of the Weaver (worn) {Dex+3}
   (You found it on level 4 of the Dungeon)

   Dex:       It affects your dexterity (+3).
Wands
 m - a wand of flame (11)
Scrolls
 b - 2 scrolls of immolation
 e - a scroll of fog
 q - 2 scrolls of identify
Potions
 d - 5 potions of curing
 f - 2 potions of attraction
 j - 2 potions of might {unknown}
 k - a potion of degeneration {unknown}
 l - a potion of brilliance
 n - 2 potions of lignification {unknown}
 o - a potion of flight {unknown}
 p - a potion of ambrosia {unknown}


   Skills:
 + Level 3.6 Fighting
 + Level 6.4 Ranged Weapons
 + Level 4.0 Dodging
 + Level 4.0 Stealth


You had 5 spell levels left.
You didn't know any spells.
Your spell library contained the following spells:

 Spells                   Type           Power      Damage    Failure   Level
 Freeze                   Ice            0%         1d3       45%         1
 Frozen Ramparts          Ice            0%         1d1       83%         3
 Hailstorm                Conj/Ice       0%         3d3       83%         3


Dungeon Overview and Level Annotations

Branches:
Dungeon (4/15)
 Temple: D:4-7

Altars:
Gozag

Annotations:
D:2 Ijyb
D:3 Sigmund
D:4 Dowan, Duvessa


Innate Abilities, Weirdness & Mutations

You are small and have problems with some larger weapons.
You are completely attuned to the shadows.


Message History

You shoot an arrow. The arrow barely misses Dowan.
A goblin comes into view. It is wielding a +0 dagger.
Duvessa says, "Beauty is only skin deep, and my weapons penetrate much further than that."
You shoot an arrow. The arrow closely misses Dowan.
The arrow hits Duvessa but does no damage.
Dowan casts a spell at you. You resist with some effort.
You shoot an arrow. The arrow hits Duvessa!
Duvessa is lightly wounded.
Dowan smirks and points a slender finger.
Dowan casts a spell at Duvessa.
Duvessa seems to speed up.
There is an open door here.
You shoot an arrow. The arrow barely misses Duvessa.
The arrow hits Dowan!
Dowan is almost dead.
Duvessa barely misses you. Duvessa hits you but does no damage.
Dowan says, "Stay away from my face!"
Duvessa misses you.
You shoot an arrow. The arrow barely misses Duvessa.
The arrow hits Dowan but does no damage.
Dowan is almost dead.
Duvessa hits you with a +0 rapier.
Dowan gestures wildly while chanting.
Dowan blinks!
Duvessa misses you.
You shoot an arrow. The arrow hits Duvessa!
Duvessa is moderately wounded.
Duvessa hits you with a +0 rapier!
Dowan mumbles some strange words.
Dowan blinks!
Duvessa hits you with a +0 rapier!
* * * LOW HITPOINT WARNING * * *
Dowan barely misses you. Duvessa attacks as you move away!
Duvessa closely misses you. Dowan attacks as you move away!
Dowan completely misses you.
You are too injured to fight recklessly!
Duvessa hits you with a +0 rapier!
* * * LOW HITPOINT WARNING * * *
You are too injured to fight recklessly!
Duvessa attacks as you move away! Duvessa hits you with a +0 rapier.
You die...

###.# ######### #<..#
........# ####### ###.#
#######.# #.....#######.# #.#
#.###.#..†....# #....##.#
#.#.#.#.####### #....##.#
######+#.....####### #....##.#
#..................#
#....##.###.....@............#
+....'....+....gee.......>...#
#....######..................#
.............................#
............####'#...........#
#.##...###..# #.#.##........#
........##..# #.#..........##
##..###.##...###.########.#.#
..[. #.#...#.#... #.#.#


You could see Duvessa (fast), Dowan and a goblin.

Vanquished Creatures
  A hound (D:4)
  Crazy Yiuf (D:3)
  2 orc wizards
  An adder (D:3)
  An ufetubus (D:2)
  3 worms (D:2)
  2 dart slugs
  2 orcs
  2 bats
  3 endoplasms
  4 goblins
  6 hobgoblins
  6 jackals
  7 kobolds
  3 quokkas
  6 ball pythons
  3 frilled lizards (D:1)
  3 rats
56 creatures vanquished.

Notes
Turn   | Place    | Note
-------+----------+-------------------------------------------
     0 | D:1      | mandoloar the Kobold Hunter began the quest for the Orb.
     0 | D:1      | Reached XP level 1. HP: 12/12 MP: 1/1
   536 | D:1      | Reached XP level 2. HP: 18/18 MP: 2/2
   711 | D:1      | Found a faded altar of an unknown god.
  1092 | D:1      | Reached XP level 3. HP: 20/22 MP: 3/3
  1737 | D:2      | You fall into a shaft and drop 1 floor!
  2061 | D:2      | Found an opulent altar of Gozag.
  2540 | D:2      | Reached XP level 4. HP: 27/27 MP: 4/4
  3172 | D:3      | Reached skill level 6 in Ranged Weapons
  3172 | D:3      | Reached XP level 5. HP: 24/32 MP: 5/5
  3457 | D:3      | Noticed Ijyb
  3530 | D:3      | Noticed Sigmund
  4553 | D:3      | Found a runed translucent door.
  4556 | D:3      | Noticed Crazy Yiuf
  4561 | D:3      | Killed Crazy Yiuf
  5301 | D:4      | Reached XP level 6. HP: 37/37 MP: 6/6
  5311 | D:4      | Identified the +1 pair of boots of the Weaver {Dex+3}
  5437 | D:4      | Noticed Duvessa
  5440 | D:4      | Noticed Dowan
  5578 | D:4      | Slain by Duvessa

Illustrated notes

Levels and vault maps discovered:
D:1:      shiori_shiawase, layout_basic, chequers_ecumenical_altar_twisty,
          grunt_decor_resistance
D:2:      layout_loops_ring, basic_altar, minmay_tetromino_i4
D:3:      layout_loops_ring, corexii_corridor_pit, nicolae_hexahallways,
          uniq_sigmund, uniq_ijyb, uniq_crazy_yiuf_cottage
D:4:      layout_basic, uniq_duvessa, uniq_menkaure

Skill      XL: |  1  2  3  4  5 |
---------------+----------------+-----
Stealth        | 2 3 4 |  4.0
Dodging        | 3 4 |  4.0
Fighting       | 3 |  3.6
Ranged Weapons | 6 |  6.4

Action                     |  1- 3 |  4- 6 || total
---------------------------+-------+-------++-------
   Fire: Shortbow          |    88 |    93 ||   181
    Use: Scroll            |     5 |     6 ||    11
 Armour: Leather armour    |     6 |    28 ||    34
  Dodge: Dodged            |    35 |   101 ||   136

Table legend: (Time is in decaauts)
 A = Elapsed time spent in this place.
 B = Non-inter-level travel time spent in this place.
 C = Inter-level travel time spent in this place.
 D = Time resting spent in this place.
 E = Time spent auto-exploring this place.
 F = Levels seen in this place.
 G = Mean time per level.
                   A        B        C        D        E       F      G
               +--------+--------+--------+--------+--------+-----+--------+
         Total |   5630 |   5520 |    110 |   2278 |   2515 |   4 | 1407.5 |
       Dungeon |   5630 |   5520 |    110 |   2278 |   2515 |   4 | 1407.5 |
               +--------+--------+--------+--------+--------+-----+--------+

Top non-repeatable levels by time:
     D:1: 2064 daAuts
     D:3: 1519 daAuts
     D:2: 1468 daAuts
     D:4: 577 daAuts
